 Dungeon Crawl Stone Soup version 0.28-a0-925-gd5e1996cdb (webtiles) character file.

Game seed: 9177848564354275373

2507 mcbry74 the Grappler (level 9, -2/83 HPs)
             Began as a Troll Berserker on Nov 26, 2021.
             Was a High Priest of Trog.
             Slain by an ufetubus (3 damage)
             ... on level 6 of the Dungeon.
             The game lasted 00:15:15 (3747 turns).

mcbry74 the Grappler (Troll Berserker)              Turns: 3747, Time: 00:15:15

Health: -2/83      AC:  4    Str: 35    XL:     9   Next: 28%
Magic:  8/8        EV: 10    Int:  4    God:    Trog [*****.]
Gold:   227        SH:  0    Dex:  9    Spells: 8/8 levels left

rFire   . . .      SeeInvis .     - Unarmed
rCold   . . .      Faith    .   (no shield)
rNeg    . . .      Spirit   .   a - +0 animal skin
rPois   .          Reflect  .   (helmet restricted)
rElec   .          Harm     .   (no cloak)
rCorr   .          Rampage  .   (gloves unavailable)
Will    ++...                   (boots unavailable)
Stlth   +.........              k - amulet of regeneration
HPRegen 2.83/turn               m - +6 ring of strength
MPRegen 0.11/turn               (no ring)

@: strong-willed, regenerating
A: large, unfitting armour, claws 3, regeneration 1, shaggy fur 1, tough skin 1
a: Renounce Religion, Berserk, Trog's Hand, Brothers in Arms


You were on level 6 of the Dungeon.
You worshipped Trog.
Trog was extremely pleased with you.
You visited 1 branch of the dungeon, and saw 6 of its levels.

You collected 227 gold pieces.

Inventory:

Hand Weapons
 s - a +9 battleaxe
 v - a +3 dagger of speed
 w - a +0 giant club
Missiles
 n - 116 stones (quivered)
Armour
 a - a +0 animal skin (worn)
Jewellery
 k - an amulet of regeneration (around neck)
 m - a +6 ring of strength (left claw)
 r - a ring of positive energy
 x - a +6 ring of intelligence
Wands
 c - a wand of iceblast (9)
 o - a wand of acid (8)
 q - a wand of flame (17)
Scrolls
 b - 7 scrolls of identify {unknown}
 d - 2 scrolls of teleportation {unknown}
 e - a scroll of amnesia {unknown}
 y - a scroll of holy word {unknown}
 z - a scroll of summoning {unknown}
 A - a scroll of fog {unknown}
Potions
 f - 5 potions of lignification {unknown}
 g - a potion of ambrosia {unknown}
 h - 2 potions of cancellation {unknown}
 i - 2 potions of flight {unknown}
 j - a potion of berserk rage {unknown}
 l - a potion of haste {unknown}
 p - a potion of degeneration {unknown}
 t - a potion of heal wounds {unknown}
 u - a potion of brilliance {unknown}


   Skills:
 - Level 3.5 Fighting
 + Level 2.1 Maces & Flails
 - Level 5.0 Dodging
 - Level 0.7 Stealth
 + Level 11.0 Unarmed Combat


You had 8 spell levels left.
You didn't know any spells.
Your spell library was empty.

Dungeon Overview and Level Annotations

Branches:
Dungeon (6/15)
 Temple: D:4-7

Altars:
Cheibriados
Fedhas
Hepliaklqana
Sif Muna
Yredelemnul
The Shining One
Beogh

Annotations:
D:6 1 transporter


Innate Abilities, Weirdness & Mutations

You are too large for most types of armour.
You have claws for hands.
Your natural rate of healing is unusually fast.
You are covered in fur. (AC +1)
You have tough skin. (AC +1)


Message History

The ufetubus hits you.
The ufetubus hits you but does no damage.
The yak gores you.
You mangle the yak!!
The yak is severely wounded.
The ufetubus closely misses you.
The ufetubus hits you but does no damage.
The yak gores you!
You mangle the yak!!
You kill the yak!
Trog accepts your kill. The ufetubus closely misses you.
The ufetubus hits you but does no damage.
The ufetubus misses you. The ufetubus hits you.
Your Maces & Flails skill increases to level 2!
Your Unarmed Combat skill increases to level 11!
You miss the ufetubus. The slime creature hits you! The ufetubus hits you.
The ufetubus barely misses you.
You miss the ufetubus. The ufetubus hits you. x2
The slime creature barely misses you.
You scratch the ufetubus but do no damage.
The ufetubus hits you but does no damage.
The ufetubus closely misses you.
You miss the ufetubus. The ufetubus closely misses you.
The ufetubus misses you. The slime creature hits you.
* * * LOW HITPOINT WARNING * * *
Your skin crawls.
You feel strong-willed. The ufetubus misses you.
The ufetubus hits you but does no damage.
The slime creature hits you!
* * * LOW HITPOINT WARNING * * *
The ufetubus misses you.
The ufetubus hits you but does no damage.
You claw the slime creature!
The slime creature is moderately wounded.
The slime creature hits you!!
* * * LOW HITPOINT WARNING * * *
The ufetubus hits you.
You die...

##......#########..###...
#......##8...(.8##.#.'...
####...#.........#.####..
##..#.#..©..#.#.####..
##.#..#.5.#..#....###
#.#©........#.......
#.#Y.#...#..#.......
#.#5#.....#.#.......
#.#@J$)$$?..#.>.....
#.##8$___$8##.......
#..#########..(....!
##.....©.....#......
#####...####†...... ##.##
#....... #... ........
#######....... #.......


You could see a slime creature, an ice beast and an ufetubus.

Vanquished Creatures
  The ghost of benappo the Chopper, an amateur MiFi (D:4)
  A troll (D:6)
  Sigmund (D:2)
  Eustachio (D:5)
  A yak (D:6)
  A water moccasin (D:4)
  Duvessa (D:5)
  3 ogres (D:5)
  A phantom (D:5)
  2 scorpions (D:5)
  Dowan (D:5)
  A howler monkey (D:5)
  3 hounds
  3 jellies
  4 orc priests
  2 centaur skeletons (D:5)
  5 iguanas
  Natasha (D:2)
  5 orc wizards
  3 gnolls (D:3)
  7 adders
  2 ufetubi (D:5)
  2 adder skeletons (D:4)
  3 worms
  9 dart slugs
  25 orcs
  5 ball pythons
  9 endoplasms
  2 giant cockroaches (D:1)
  4 goblins
  7 hobgoblins
  16 jackals
  A kobold (D:3)
  5 quokkas
  4 bats
  2 rats (D:2)
144 creatures vanquished.

Notes
Turn   | Place    | Note
-------+----------+-------------------------------------------
     0 | D:1      | mcbry74 the Troll Berserker began the quest for the Orb.
     0 | D:1      | Reached XP level 1. HP: 22/22 MP: 0/0
    81 | D:1      | Found a faded altar of an unknown god.
   120 | D:1      | Reached XP level 2. HP: 29/29 MP: 1/1
   320 | D:2      | Reached ** piety under Trog
   321 | D:2      | Reached XP level 3. HP: 32/36 MP: 2/2
   383 | D:2      | Noticed Sigmund
   393 | D:2      | Killed Sigmund
   394 | D:2      | Reached skill level 4 in Unarmed Combat
   394 | D:2      | Reached XP level 4. HP: 42/45 MP: 3/3
   394 | D:2      | Reached XP level 5. HP: 49/53 MP: 4/4
   750 | D:2      | Reached skill level 5 in Unarmed Combat
   750 | D:2      | Reached XP level 6. HP: 52/61 MP: 5/5
   987 | D:2      | Noticed Natasha
   990 | D:2      | Killed Natasha
  1290 | D:3      | Reached *** piety under Trog
  1950 | D:4      | Reached skill level 6 in Unarmed Combat
  1970 | D:4      | Reached XP level 7. HP: 67/67 MP: 6/6
  2202 | D:4      | Found a runed translucent gate.
  2204 | D:4      | Found a runed translucent gate.
  2206 | D:4      | Found a runed translucent gate.
  2207 | D:4      | Noticed benappo's ghost (amateur MiFi)
  2244 | D:4      | Reached **** piety under Trog
  2395 | D:4      | Killed benappo's ghost
  2396 | D:4      | Reached skill level 7 in Unarmed Combat
  2616 | D:4      | Found a glowing golden altar of the Shining One.
  2628 | D:4      | Found a shimmering blue altar of Sif Muna.
  2871 | D:4      | Reached XP level 8. HP: 75/75 MP: 7/7
  2912 | D:5      | Entered Level 5 of the Dungeon
  2925 | D:5      | Noticed Eustachio
  2938 | D:5      | Killed Eustachio
  2939 | D:5      | Reached skill level 5 in Dodging
  2979 | D:5      | Reached skill level 8 in Unarmed Combat
  3013 | D:5      | Found a hazy altar of Hepliaklqana.
  3243 | D:5      | Noticed Duvessa
  3256 | D:5      | Killed Duvessa
  3257 | D:5      | Reached skill level 9 in Unarmed Combat
  3270 | D:5      | Noticed Dowan
  3274 | D:5      | Killed Dowan
  3442 | D:5      | Reached skill level 10 in Unarmed Combat
  3467 | D:5      | Reached XP level 9. HP: 72/83 MP: 8/8
  3504 | D:5      | Reached ***** piety under Trog
  3661 | D:6      | Found a transporter.
  3662 | D:6      | Noticed a troll
  3665 | D:6      | Found a transporter.
  3669 | D:6      | Found a blossoming altar of Fedhas.
  3669 | D:6      | Found a snail-covered altar of Cheibriados.
  3670 | D:6      | Found a basalt altar of Yredelemnul.
  3737 | D:6      | Killed a troll
  3738 | D:6      | Reached skill level 1 in Maces & Flails
  3742 | D:6      | Reached skill level 11 in Unarmed Combat
  3747 | D:6      | HP: 1/83 [slime creature (19)]
  3747 | D:6      | Slain by an ufetubus

Illustrated notes

Levels and vault maps discovered:
D:1:      tarquinn_simple_flora_water_f, layout_loops_ring,
          hellmonk_ecumenical_altar_blasted, serial_bayou_lagoon_a,
          palyth_stone_intersect
D:2:      layout_basic, kennysheep_flooded_box, grunt_ministairs_3,
          uniq_sigmund, uniq_natasha
D:3:      kennysheep_slugbush, layout_basic
D:4:      layout_loops_ring, amethyst_overflow_temple_binary,
          biasface_ghost_orc_armoury, st_stairs_11, minmay_small_thing
D:5:      minmay_angry_zag, layout_loops_cross,
          worldfamousw_hep_ancestral_shrine, uniq_duvessa, uniq_eustachio
D:6:      nicolae_cairo_tiling_very_big, layout_rooms,
          gammafunk_temple_overflow_arena, serial_shops,
          nicolae_shop_bloodbath_and_beyond, st_stairs_9,
          chequers_decorated_corner

Skill      XL: |  1  2  3  4  5  6  7  8  9 |
---------------+----------------------------+-----
Fighting       | 3 |  3.5
Dodging        | 3 4 5 |  5.0
Unarmed Combat | 4 5 6 7 10 11 | 11.0
Maces & Flails | 2 |  2.1
Stealth        | |  0.7

Action                   |  1- 3 |  4- 6 |  7- 9 || total
-------------------------+-------+-------+-------++-------
Melee: Unarmed           |    58 |   138 |   188 ||   384
       Punch             |       |     4 |     7 ||    11
Invok: Trog's Hand       |       |       |     2 ||     2
 Stab: Sleeping          |       |     1 |       ||     1
Armor: Animal skin       |    17 |    42 |    42 ||   101
Dodge: Dodged            |    41 |    65 |    79 ||   185

Table legend: (Time is in decaauts)
 A = Elapsed time spent in this place.
 B = Non-inter-level travel time spent in this place.
 C = Inter-level travel time spent in this place.
 D = Time resting spent in this place.
 E = Time spent auto-exploring this place.
 F = Levels seen in this place.
 G = Mean time per level.
                   A        B        C        D        E       F      G
               +--------+--------+--------+--------+--------+-----+--------+
         Total |   3716 |   3576 |    140 |     99 |   2388 |   6 |  619.3 |
       Dungeon |   3716 |   3576 |    140 |     99 |   2388 |   6 |  619.3 |
               +--------+--------+--------+--------+--------+-----+--------+

Top non-repeatable levels by time:
     D:4: 964 daAuts
     D:2: 874 daAuts
     D:3: 853 daAuts
     D:5: 701 daAuts
     D:1: 206 daAuts
     D:6: 117 daAuts
